Map: Bel'Shir Vestige LE (Void)

Players

DoomNexus

  • Race: Terran Terran
  • League: Gold
  • Spawn Location: 5:00

muskos - Winner!

  • Race: Zerg Zerg
  • League: Silver
  • Spawn Location: 11:00

VOD

Have the link to the VOD?

Description

Mass Ling Bane

Time

  • Played on: March 29, 2017, 12:10 p.m.
  • Length: 20:14
Show
View Real Time Build Order
Export as new Build Order

DoomNexus Terran 

Build Orders: MMM Bio 

Get SALT Encoding   

  12  0:00  SCV  
  13  0:13  SCV  
  14  0:18  Supply Depot  
  14  0:25  SCV  
  15  0:39  SCV  
  15  0:41  Barracks  
  16  0:48  Refinery  
  16  0:51  SCV  
  17  1:03  SCV  
  18  1:16  SCV  
  19  1:28  Marine  
  19  1:29  Orbital Command  
  20  1:54  Command Center  
  20  1:58  SCV  
  21  2:10  SCV  
  21  2:11  Supply Depot  
  21  2:12  Marine  
  23  2:24  Barracks  
  23  2:31  Refinery  
  23  2:32  SCV  
  25  2:37  Barracks Reactor  
  24  2:44  SCV  
  25  2:52  Factory  
  25  2:56  SCV  
  26  2:59  Engineering Bay  
  26  3:04  Supply Depot  
  26  3:09  SCV  
  27  3:14  Orbital Command  
  27  3:16  Barracks Tech Lab  
  27  3:28  SCV  
  27  3:29  Marine x2  
  29  3:34  Marine  
  29  3:40  SCV  
  31  3:44  SCV  
  31  3:47  Marine  
  32  3:52  SCV, Marine  
  34  3:56  SCV, Starport  
  34  3:58  Factory Reactor  
  34  4:00  Terran Infantry Weapons Level 1  
  35  4:08  SCV x2  
  37  4:17  Marine, Bunker  
  37  4:18  Marine  
  37  4:20  SCV x2, Marine  
  42  4:26  Supply Depot  
  42  4:32  SCV x2  
  42  4:35  Marine  
  45  4:43  Widow Mine  
  47  4:46  SCV x2  
  47  4:47  Marine x2  
  47  4:50  Medivac  
  53  4:54  Medivac  
  55  5:00  SCV x2  
  55  5:02  Marine  
  55  5:05  Marine  
  59  5:08  Marauder  
  59  5:12  SCV  
  62  5:16  Stimpack  
  62  5:19  Supply Depot  
  62  5:40  Supply Depot, Widow Mine  
  62  5:41  SCV x2, Marauder, Marine x2  
  70  5:43  Supply Depot  
  70  5:44  Engineering Bay  
  70  5:45  Supply Depot  
  70  5:46  Armory  
  70  5:55  Terran Infantry Armor Level 1  
  70  6:02  SCV x2, Marine x3  
  70  6:03  Refinery  
  75  6:04  Refinery  
  75  6:08  Medivac  
  75  6:11  Medivac  
  81  6:14  SCV x2  
  81  6:17  Factory Tech Lab  
  81  6:19  Marine x2  
  81  6:21  Marauder  
  86  6:32  SCV  
  86  6:33  SCV  
  86  6:37  Marine x2  
  89  6:42  Marauder  
  89  6:44  SCV  
  89  6:45  SCV  
  89  6:55  Marine x2  
  70  7:03  Marauder  
  67  7:13  Marine x2  
  63  7:25  Marauder  
  65  7:31  SCV, Marine x2  
  68  7:43  SCV  
  69  7:45  Marine  
  69  7:46  Medivac  
  69  7:47  Medivac  
  69  7:48  Marine x2  
  76  7:55  SCV  
  67  8:04  Marauder  
  66  8:06  Marine x2  
  66  8:12  Orbital Command  
  68  8:24  Marine x2  
  68  8:25  Marauder  
  72  8:35  Command Center  
  72  8:42  Marine x2, Siege Tank  
  72  8:47  Marauder  
  79  9:00  Terran Infantry Armor Level 2, Marine x2  
  81  9:08  Marauder  
  83  9:14  Siege Tank  
  85  9:17  Marine x2  
  87  9:29  Marauder  
  89  9:35  Marine x2  
  91  9:49  Siege Tank  
  94  10:07  Supply Depot, Combat Shields  
  94  10:12  Supply Depot  
  94  10:28  Medivac, Marine x2  
  94  10:29  Marauder  
  100  10:37  Supply Depot  
  100  10:39  Supply Depot  
  100  10:46  Marine x2  
  102  10:50  Marauder, Barracks  
  102  10:52  Terran Infantry Weapons Level 2  
  102  10:53  Barracks  
  102  10:55  Widow Mine  
  106  10:59  Command Center  
  106  11:00  Command Center  
  106  11:02  Supply Depot  
  106  11:04  Marine x2  
  101  11:11  Marine  
  102  11:22  Marine x2  
  104  11:29  Marauder  
  106  11:38  Barracks  
  106  11:39  Marine x2, Siege Tank  
  111  11:51  Marauder  
  113  11:57  Marine x2  
  115  12:11  Siege Tank  
  115  12:12  Marauder  
  120  12:17  Barracks Reactor, Barracks Tech Lab  
  120  12:22  Starport  
  120  12:25  Planetary Fortress  
  120  12:34  Marauder  
  122  12:39  Planetary Fortress  
  122  12:41  Marine x3  
  125  12:47  Concussive Shells  
  125  12:54  SCV x2, Marine  
  125  12:55  Marine x2  
  130  12:59  Marine x3  
  133  13:06  SCV x2  
  135  13:14  Planetary Fortress  
  135  13:16  Marine x2  
  135  13:17  Marine x2  
  135  13:18  SCV x2  
  141  13:24  Marauder, Marine  
  145  13:34  Marine x3  
  145  13:35  Marine  
  145  13:37  Barracks Reactor  
  148  13:42  Marauder  
  148  13:45  Marine  
  81  13:52  Marine x3  
  83  13:56  Marine  
  83  13:59  Starport Tech Lab  
  84  14:03  Marine, Widow Mine  
  84  14:04  Marauder  
  89  14:10  Marine x3  
  89  14:14  Marine  
  93  14:21  Marine  
  94  14:24  Marine  
  94  14:28  Marine x5  
  96  14:32  Marine  
  97  14:39  Marauder  
  97  14:42  Marine  
  100  14:45  Marine x2  
  100  14:46  Marine x2  
  104  14:53  Command Center  
  104  14:56  Marine  
  105  15:01  Marauder x2  
  105  15:02  Marine  
  110  15:21  Marine x2  
  110  15:22  Marauder  
  114  15:58  Marine  
  114  15:59  Marauder, Marine x4  
  121  16:07  Marauder  
  123  16:21  Planetary Fortress  
  125  16:25  Marauder  
  125  16:28  Marine  
  125  16:29  Marine  
  125  16:31  Marine  
  128  16:34  Marine  
  128  16:36  Marine  
  130  16:44  Marine  
  130  16:45  Marauder  
  130  16:46  Marine x2  
  135  16:47  Marine  
  135  16:49  Marine  
  135  16:52  Marine  
  138  16:54  Marine  
  138  16:58  Orbital Command  
  139  17:02  Marine  
  139  17:05  Marauder  
  142  17:13  Marine  
  142  17:14  Marauder, Marine x4  
  132  17:20  Marine  
  133  17:24  SCV  
  133  17:25  SCV x2, Marine  
  137  17:31  Marine x3  
  137  17:32  Marine x2  
  137  17:35  Marine  
  143  17:37  Marine, Terran Infantry Weapons Level 3  
  143  17:43  Marine  
  145  17:50  Marine x2  
  147  17:53  Marauder  
  137  18:42  Marine x4  
  137  18:43  Marine  
  137  18:45  Marauder x2, Marine  
  130  19:18  Supply Depot  
Show
View Real Time Build Order
Export as new Build Order

muskos Zerg - Winner!

Build Orders: Hatch First 

Get SALT Encoding   

  12  0:01  Drone  
  13  0:12  Overlord  
  13  0:19  Drone  
  14  0:33  Drone x2  
  16  0:36  Drone  
  17  0:45  Drone  
  18  0:56  Drone  
  19  1:08  Hatchery  
  18  1:13  Spawning Pool  
  17  1:24  Drone x2, Extractor  
  18  1:34  Drone  
  19  1:40  Extractor  
  19  1:41  Drone  
  19  1:51  Drone  
  20  2:00  Drone  
  21  2:11  Drone  
  22  2:16  Extractor  
  21  2:25  Drone  
  21  2:28  Queen  
  21  2:29  Queen  
  26  2:39  Zergling x2  
  26  2:40  Zergling x2  
  26  2:43  Hatchery  
  27  2:48  Drone  
  28  2:56  Overlord  
  28  3:05  Overlord  
  28  3:09  Metabolic Boost  
  28  3:11  Overlord  
  28  3:12  Overlord  
  28  3:25  Drone x2  
  30  3:30  Zergling x6  
  30  3:32  Queen  
  35  3:38  Lair  
  35  3:58  Drone x2  
  35  3:59  Overlord  
  35  4:01  Zergling x2  
  35  4:02  Drone x3  
  41  4:04  Drone  
  42  4:11  Evolution Chamber  
  41  4:19  Baneling Nest  
  40  4:31  Zergling x2  
  40  4:32  Zergling x12  
  47  4:39  Zergling x2  
  47  4:40  Zergling x4  
  50  4:46  Zerg Melee Weapons Level 1  
  50  4:47  Zergling x2  
  50  4:48  Zergling x2  
  52  4:54  Zergling x2  
  52  4:55  Zergling x4  
  52  4:59  Zergling x2  
  57  5:00  Zergling x2  
  57  5:06  Centrifical Hooks  
  57  5:17  Burrow  
  57  5:18  Zergling x2  
  57  5:19  Zergling x4  
  60  5:22  Zergling x2  
  60  5:23  Zergling x2  
  62  5:29  Zergling x4  
  62  5:30  Zergling x2  
  62  5:34  Zergling x2  
  66  5:39  Zergling x4  
  66  5:40  Zergling x2  
  69  5:47  Zergling x6  
  72  5:50  Drone  
  72  5:53  Drone  
  74  6:12  Overlord x4  
  74  6:17  Baneling  
  74  6:18  Baneling x5  
  74  6:20  Baneling x3  
  74  6:21  Baneling  
  74  6:23  Baneling  
  74  6:24  Baneling  
  74  6:25  Baneling  
  74  6:26  Baneling x2  
  74  6:29  Baneling x2  
  74  6:30  Baneling  
  74  6:31  Baneling  
  74  6:32  Baneling  
  55  7:11  Zergling x2  
  55  7:12  Drone  
  55  7:13  Drone x14  
  69  7:18  Baneling  
  69  7:19  Baneling x11  
  69  7:20  Baneling  
  69  7:22  Drone  
  63  7:33  Baneling x5  
  61  7:49  Extractor  
  61  7:51  Extractor  
  59  7:54  Hatchery  
  55  7:58  Drone x3  
  55  7:59  Drone x3  
  58  8:31  Hatchery  
  57  8:43  Zerg Melee Weapons Level 2  
  57  8:44  Drone  
  57  8:45  Zergling x6  
  57  8:46  Zergling x6  
  64  8:58  Drone x4  
  68  9:13  Zergling x8  
  68  9:14  Zergling x4  
  74  9:22  Zergling x8  
  71  9:39  Zergling x2  
  71  9:40  Zergling x12  
  78  9:48  Zergling x2  
  78  9:49  Queen, Zergling x4  
  83  9:56  Zergling x8  
  87  10:01  Zergling x2  
  87  10:06  Extractor  
  87  10:08  Zergling x2  
  87  10:09  Zergling x10  
  87  10:13  Baneling  
  87  10:14  Baneling x21  
  93  10:16  Zergling x6  
  93  10:20  Zergling x2  
  97  10:22  Zergling x2  
  97  10:27  Queen  
  100  10:33  Queen  
  100  10:34  Zergling x2  
  100  10:35  Overlord x2  
  103  10:39  Baneling x5  
  103  10:40  Baneling  
  103  10:47  Spine Crawler  
  103  10:50  Zergling x2  
  103  10:59  Zerg Missile Weapons Level 1  
  102  11:16  Zergling x2  
  102  11:17  Zergling x24  
  102  11:18  Zergling x10  
  120  11:25  Overlord x3  
  120  11:32  Overlord x6  
  120  11:49  Baneling x14  
  120  11:50  Baneling  
  120  11:54  Zergling x12  
  122  11:55  Zergling x6  
  128  12:11  Zergling x18  
  135  12:22  Zergling x8  
  139  12:26  Zergling x2  
  140  12:31  Zergling x4  
  140  12:32  Zergling x2  
  143  12:38  Baneling x4  
  143  12:39  Baneling x13  
  143  12:41  Baneling  
  143  12:42  Zergling x2  
  143  12:43  Zergling x6  
  147  12:52  Zergling x10  
  147  12:53  Zerg Ground Armor Level 1  
  153  12:58  Drone  
  153  13:01  Zergling x4  
  153  13:02  Zergling x4  
  153  13:03  Zergling x2  
  158  13:10  Zergling x8  
  160  13:25  Zergling x2  
  160  13:26  Zergling x16  
  168  13:33  Zergling x8  
  91  14:02  Zergling x22  
  102  14:03  Zergling x2  
  103  14:10  Baneling  
  103  14:11  Baneling x18  
  85  14:35  Baneling  
  85  14:36  Baneling x23  
  85  14:38  Zergling x2  
  85  14:39  Zergling x6  
  89  14:47  Zergling x6  
  89  14:48  Zergling x4, Extractor  
  89  14:51  Zergling x4  
  95  14:53  Baneling x2  
  95  14:54  Baneling x2  
  95  15:01  Extractor  
  95  15:03  Extractor  
  95  15:05  Zergling x4  
  95  15:06  Zergling x8  
  99  15:08  Zergling x2  
  100  15:15  Zergling x8  
  104  15:24  Zergling x8  
  104  15:25  Zergling x4  
  110  15:32  Zerg Ground Armor Level 2  
  110  15:50  Zergling x4  
  110  15:51  Zergling x4, Hatchery  
  110  15:54  Zergling x4  
  110  15:56  Zergling x2  
  116  15:58  Drone  
  117  16:05  Baneling  
  117  16:06  Baneling x9  
  117  16:10  Zergling x4  
  120  16:25  Zergling x2  
  120  16:26  Zergling x16  
  120  16:30  Baneling x5  
  120  16:31  Baneling  
  120  16:32  Baneling  
  128  16:33  Baneling  
  128  16:34  Baneling x2  
  128  16:43  Zergling x2  
  128  16:44  Zergling x8  
  133  16:49  Baneling  
  133  16:50  Baneling x7  
  133  16:51  Baneling  
  133  16:52  Baneling  
  133  16:56  Zergling x4  
  133  16:57  Zergling x2  
  136  17:10  Zergling x14  
  136  17:11  Zergling x2  
  136  17:12  Zergling x2  
  145  17:22  Zergling x8  
  149  17:23  Zergling x4  
  151  17:41  Zergling x2  
  151  17:42  Zergling x16, Infestation Pit  
  156  17:58  Zergling x2  
  156  18:00  Zergling x10  
  156  18:01  Zergling x8  
  165  18:13  Zergling x10  
  165  18:14  Zergling x6  
  173  18:20  Zergling x6  
  126  18:52  Zergling x18  
  126  18:53  Baneling x6  
  135  19:14  Zergling x2  
  135  19:15  Zergling x22  
  147  19:19  Zergling x4  
  147  19:22  Baneling x3  
  149  19:33  Zergling x8  
  149  19:34  Zergling x4  
  149  19:37  Baneling x2  
  149  19:38  Baneling  
Tags
 
Add a new tag
Caveats
  • Supply blocks, unpowered buildings, or Contaminate may cause inaccurate times.
  • Supply counts are checked every 10 seconds.